 Dungeon Crawl Stone Soup version 0.28.0-43-g3370ac3207 (webtiles) character file.

Game seed: 13766883634414471061

2688 foureyesage the Carver (level 9, -1/82 HPs)
             Began as a Minotaur Fighter on Mar 27, 2022.
             Was an Elder of Fedhas.
             Slain by a tentacled starspawn (2 damage)
             ... on level 1 of the Abyss.
             The game lasted 00:43:13 (8558 turns).

foureyesage the Carver (Minotaur Fighter)           Turns: 8558, Time: 00:43:14

Health: -1/82      AC: 23    Str: 26    XL:     9   Next: 38%
Magic:  8/8        EV: 10    Int:  5    God:    Fedhas [****..]
Gold:   210        SH:  0    Dex: 17    Spells: 8/8 levels left

rFire   + . .      SeeInvis .   o - +0 great sword
rCold   x . .      Faith    .   (shield currently unavailable)
rNeg    . . .      Spirit   .   b - +5 scale mail of Joy {Str+4 Dex+4}
rPois   .          Reflect  .   (helmet restricted)
rElec   .          Harm     .   (no cloak)
rCorr   .          Rampage  .   n - +1 pair of gloves
Will    .....                   a - +2 pair of boots {Fly}
Stlth   ..........              p - amulet of the acrobat
HPRegen 0.23/turn               g - +4 ring of protection
MPRegen 0.11/turn               h - ring of fire

@: flying
A: horns 2, retaliatory headbutt
a: Renounce Religion, Wall of Briars, Grow Ballistomycete, Overgrow


You were on level 1 of the Abyss.
You worshipped Fedhas.
Fedhas was greatly pleased with you.
You visited 2 branches of the dungeon, and saw 9 of its levels.
You visited the Abyss 1 time.
You also visited: Sewer.

You collected 367 gold pieces.
You spent 157 gold pieces at shops.

Inventory:

Hand Weapons
 d - a +2 falchion of venom
 o - a +0 great sword (weapon)
Armour
 a - a +2 pair of boots of flying (worn)
 b - the +5 scale mail of Joy (worn) {Str+4 Dex+4}
   (You found it on level 5 of the Dungeon)

   Str:       It affects your strength (+4).
   Dex:       It affects your dexterity (+4).
 c - a +0 buckler
 n - a +1 pair of gloves (worn)
Jewellery
 g - a +4 ring of protection (left hand)
 h - a ring of fire (right hand)
 l - a +6 ring of strength
 p - an amulet of the acrobat (around neck)
Wands
 i - a wand of polymorph (5) (quivered)
 r - a wand of flame (25)
Scrolls
 k - a scroll of fear
 m - a scroll of fog
Potions
 e - 3 potions of attraction
 f - a potion of flight
 j - a potion of berserk rage {unknown}
 q - 2 potions of curing


   Skills:
 + Level 8.3 Fighting
 * Level 9.8 Long Blades
 + Level 8.3 Armour
 - Level 7.0 Shields


You had 8 spell levels left.
You didn't know any spells.
Your spell library contained the following spells:

 Spells                   Type           Power      Damage    Failure   Level
 Freeze                   Ice            0%         1d3       73%         1
 Frozen Ramparts          Ice            0%         1d2       97%         3
 Portal Projectile        Hex/Tloc       0%         N/A       97%         3
 Hailstorm                Conj/Ice       0%         3d3       100%        4
 Blade Hands              Tmut           0%         N/A       100%        5
 Excruciating Wounds      Necr           0%         N/A       100%        5


Dungeon Overview and Level Annotations

Branches:
Dungeon (8/15)             Temple (1/1) D:6           Sewer (visited)
   Lair: D:8-11

Altars:
Ashenzari
Cheibriados
Dithmenos
Fedhas
Hepliaklqana
Nemelex Xobeh
Okawaru
Ru
Sif Muna
Uskayaw
Vehumet
Wu Jian
Xom
Yredelemnul
Zin
The Shining One

Shops:
D:1 *   D:5 ::[

Annotations:
D:7 2 transporters, bromine's ghost, amateur GnCA


Innate Abilities, Weirdness & Mutations

You have a pair of horns on your head.
You reflexively headbutt those who attack you in melee.


Message History

The tentacled starspawn bites you!!
The tentacled starspawn tentacle-slaps you but does no damage.
A smoke demon comes into view.
You barely miss the tentacled starspawn.
You headbutt the tentacled starspawn.
The tentacled starspawn is moderately damaged.
The tentacled starspawn bites you!!
The tentacled starspawn barely misses you.
The tentacled starspawn bites you but does no damage.
The tentacled starspawn tentacle-slaps you but does no damage.
You slash the tentacled starspawn!
The tentacled starspawn is moderately damaged.
The smoke demon hits you. The smoke demon barely misses you. x2
The tentacled starspawn bites you!
* * * LOW HITPOINT WARNING * * *
The tentacled starspawn tentacle-slaps you but does no damage.
You slash the tentacled starspawn!
The tentacled starspawn is heavily damaged.
The smoke demon misses you.
The smoke demon hits you but does no damage.
The smoke demon barely misses you.
The tentacled starspawn barely misses you.
You furiously retaliate!
You headbutt the tentacled starspawn.
The tentacled starspawn tentacle-slaps you!
* * * LOW HITPOINT WARNING * * *
The smoke demon gestures at you. Something smites you!
* * * LOW HITPOINT WARNING * * *
You hit the tentacled starspawn.
The tentacled starspawn is severely damaged.
Tentacles burst from the starspawn's body!
The smoke demon gestures at you.
The sticky flame misses you. 2 starspawn tentacles come into view.
You barely miss the tentacled starspawn.
You headbutt the tentacled starspawn.
The tentacled starspawn is severely damaged.
The tentacled starspawn bites you.
You die...
Fedhas appreciates your contribution to the ecosystem.

# ######## . .
#.3.#.#.### ...#
..#@Xw#...#
#...#.#.#w..#
#...#.#.# ..#.##
#...#...#.......
#...... .##..#
##.......#... #
.#......#.. . .#
##.###.#....# .
# ##. #... #.#


You could see a tentacled starspawn, a smoke demon and 2 starspawn tentacles.

Vanquished Creatures
  A wyvern (D:7)
  Eustachio (D:4)
  Menkaure (D:6)
  3 water moccasins
  2 orc warriors
  A necrophage (D:4)
  A black bear (D:7)
  An ogre (D:7)
  A bullfrog (D:7)
  A kobold brigand (D:6)
  A wyvern zombie (D:5)
  2 jellies
  A water moccasin zombie (D:5)
  4 wights (D:6)
  4 killer bees (D:7)
  A centaur zombie (D:5)
  4 crimson imps
  2 orc priests
  2 hounds (D:5)
  2 bullfrog skeletons
  A gnoll shaman (D:5)
  3 iguanas
  4 orc wizards
  A hound zombie (D:5)
  3 adders
  9 gnolls
  A river rat (D:5)
  2 shadow imps
  7 white imps
  An adder skeleton (D:4)
  2 worms
  A dart slug (D:3)
  17 orcs
  2 bats
  4 endoplasms
  3 giant cockroaches
  3 hobgoblins
  6 kobolds
  3 quokkas
  6 ball pythons
  3 frilled lizards
  5 goblins
  A goblin skeleton (D:5)
  2 goblin zombies (D:5)
  3 hobgoblin zombies (D:5)
  A kobold skeleton (D:5)
  A quokka skeleton (D:4)
  6 rats
137 creatures vanquished.

Vanquished Creatures (others)
  7 starspawn tentacles (Abyss:1)
  A withered plant (D:1)
8 creatures vanquished.

Grand Total: 145 creatures vanquished

Notes
Turn   | Place    | Note
-------+----------+-------------------------------------------
     0 | D:1      | foureyesage the Minotaur Fighter began the quest for the
                  | Orb.
     0 | D:1      | Reached XP level 1. HP: 19/19 MP: 0/0
    46 | D:1      | Found a faded altar of an unknown god.
   113 | D:1      | Prayed at the altar of an unknown god.
   113 | D:1      | Became a worshipper of Fedhas Madash
   113 | D:1      | Reached * piety under Fedhas
   355 | D:1      | Reached XP level 2. HP: 23/27 MP: 1/1
   581 | D:1      | Found Mitwimoe's Assorted Antiques.
   791 | D:2      | Found an iron altar of Okawaru.
   838 | D:2      | Reached skill level 3 in Long Blades
  1016 | D:2      | Reached XP level 3. HP: 33/33 MP: 2/2
  1425 | D:3      | Found a glowing silver altar of Zin.
  1620 | D:3      | Reached ** piety under Fedhas
  2033 | D:3      | Found an ornate altar of the Wu Jian Council.
  2199 | D:3      | Reached XP level 4. HP: 40/40 MP: 3/3
  2959 | D:4      | Found a sacrificial altar of Ru.
  3062 | D:4      | Noticed Eustachio
  3144 | D:4      | Reached XP level 5. HP: 20/37 MP: 4/4
  3169 | D:4      | Killed Eustachio
  3170 | D:4      | Reached skill level 5 in Fighting
  3170 | D:4      | Reached skill level 4 in Long Blades
  3170 | D:4      | Reached skill level 5 in Armour
  3170 | D:4      | Reached skill level 5 in Shields
  3170 | D:4      | Reached XP level 6. HP: 18/56 MP: 5/5
  3942 | D:5      | Entered Level 5 of the Dungeon
  4008 | D:5      | Noticed a water moccasin
  4019 | D:5      | Killed a water moccasin
  4020 | D:5      | Reached skill level 5 in Long Blades
  4020 | D:5      | Reached XP level 7. HP: 48/62 MP: 6/6
  4232 | D:5      | Found a glowing drain.
  4243 | Sewer    | Entered a sewer
  4563 | D:5      | Found a glowing golden altar of the Shining One.
  4663 | D:5      | Found Ninu's Book Emporium.
  4730 | D:5      | Identified the +5 scale mail of Joy {Str+4 Dex+4}
  4863 | D:5      | Reached *** piety under Fedhas
  4888 | D:5      | Reached skill level 6 in Long Blades
  5156 | D:5      | Found Zelajoef's Antique Armour Shop.
  5171 | D:5      | Bought a pair of glowing boots for 157 gold pieces
  5234 | D:5      | Found Ufishot's Book Shop.
  5388 | D:5      | Reached XP level 8. HP: 71/71 MP: 7/7
  5727 | D:6      | Reached skill level 7 in Long Blades
  6573 | D:6      | Noticed Menkaure
  6579 | D:6      | Killed Menkaure
  6915 | D:6      | Found a staircase to the Ecumenical Temple.
  6924 | Temple   | Entered the Ecumenical Temple
  7220 | D:7      | Reached skill level 8 in Long Blades
  7590 | D:7      | Reached XP level 9. HP: 79/81 MP: 8/8
  7681 | D:7      | Reached skill level 9 in Long Blades
  7692 | D:7      | Reached **** piety under Fedhas
  7761 | D:7      | Found a transporter.
  7771 | D:7      | Noticed bromine's ghost (amateur GnCA)
  7844 | D:7      | Found a transporter.
  8306 | D:7      | Noticed a toenail golem
  8474 | D:8      | Cast into level 1 of the Abyss (orc wizard)
  8474 | Abyss:1  | Found a corrupted altar of Lugonu.
  8501 | Abyss:1  | Noticed a tentacled starspawn
  8553 | Abyss:1  | Noticed a smoke demon
  8556 | Abyss:1  | HP: 1/82 [smoke demon/divine providence (9)]
  8558 | Abyss:1  | Slain by a tentacled starspawn

Illustrated notes

Levels and vault maps discovered:
D:1:      eino_arrival_tree_alley, layout_rooms,
          ebering_ecumenical_altar_petrified, serial_shops, shop
D:2:      layout_loops_ring, basic_altar
D:3:      layout_basic, old_standard_altar, general_overflow_altar
D:4:      layout_basic, amcnicky_altar_gilded, uniq_eustachio
D:5:      lemuel_ice_spiral_2, layout_basic, nicolae_tso_besieged_by_evil,
          serial_shops, shop_statue, nicolae_shop_trees,
          nicolae_shop_statue_plus, portal_sewer_entry_e
D:6:      layout_loops_ring, lemuel_temple_firewalk_a, uniq_menkaure
D:7:      layout_rooms, gammafunk_ghost_abyssal_escape,
          chequers_serial_rivers_small_b, eino_curves_04,
          minmay_misc_feat_alley, minmay_nine_imps
D:8:      layout_rooms, nicolae_elyvilon_peaceful_grove, nicolae_benzene_ring
Temple:   minmay_temple_bridge_abc
Abyss:1:  base:
D:7

Skill      XL: |  1  2  3  4  5  6  7  8  9 |
---------------+----------------------------+-----
Fighting       | 4 5 6 7 8 |  8.3
Long Blades    | 3 4 5 6 8 9 |  9.8
Armour         | 4 5 6 7 8 |  8.3
Shields        | 4 5 6 7 |  7.0

Action                   |  1- 3 |  4- 6 |  7- 9 || total
-------------------------+-------+-------+-------++-------
Melee: Long sword        |    76 |    66 |    98 ||   240
       Headbutt          |     8 |    13 |    45 ||    66
       Falchion          |       |       |    70 ||    70
       Great sword       |       |       |    85 ||    85
  Use: Scroll            |     5 |     7 |     3 ||    15
       Potion            |       |     4 |     4 ||     8
Armor: Scale mail        |    44 |    32 |   142 ||   218
       Leather armour    |       |     9 |    46 ||    55
Dodge: Dodged            |    41 |    57 |   207 ||   305
Block: Buckler           |    17 |    27 |    60 ||   104
